 Dungeon Crawl Stone Soup version 0.29.1-1-gd02db6906a (webtiles) character file.

Game seed: 3634430334941193756

4395 vvl the Stinger (level 10, -29/111 HPs)
             Began as a Demonspawn Fighter on Sept 28, 2022.
             Was a Believer of Kikubaaqudgha.
             Killed from afar by a fire dragon (31 damage)
             ... with a blast of flame
             ... on level 8 of the Dungeon.
             The game lasted 00:18:51 (6909 turns).

vvl the Stinger (Demonspawn Fighter)                Turns: 6909, Time: 00:18:53

Health: -29/111    AC: 33    Str: 17    XL:     10   Next: 13%
Magic:  16/16      EV:  2    Int: 14    God:    Kikubaaqudgha [**....]
Gold:   462        SH:  7    Dex: 12    Spells: 13/17 levels left

rFire   . . .      SeeInvis .   a - +0 war axe
rCold   . . .      Faith    .   y - +2 buckler
rNeg    . . .      Spirit   .   (body armour currently unavailable)
rPois   +          Reflect  .   (helmet currently unavailable)
rElec   .          Harm     .   (cloak currently unavailable)
rCorr   .          Rampage  .   (gloves currently unavailable)
Will    .....      NoTele   +   (boots currently unavailable)
Stlth   +.........              G - amulet of regeneration
HPRegen 1.08/turn               H - +4 ring of protection
MPRegen 0.15/turn               E - +4 ring of protection

@: mighty, agile, tree-form
A: stationary, stasis, torment immunity, boosted hp, (claws 2), (molten scales
2), ignite blood 2, powered by pain 2
a: Renounce Religion, Unearth Wretches


You were on level 8 of the Dungeon.
You worshipped Kikubaaqudgha.
Kikubaaqudgha was pleased with you.
You were a tree.
You visited 2 branches of the dungeon, and saw 9 of its levels.

You collected 462 gold pieces.

Inventory:

Hand Weapons
 a - a +0 war axe (weapon)
Armour
 b - a +0 scale mail (melded)
 g - a +0 pair of gloves (melded)
 n - a +0 cloak (melded)
 y - a +2 buckler (worn)
 A - the +3 pair of seven-league boots (melded) {Rampage+∞}
   (You found it on level 5 of the Dungeon)

   Its wearer moves as far as possible in that direction when moving towards
   enemies.
Jewellery
 m - a +6 ring of strength
 E - a +4 ring of protection (right branch)
 G - an amulet of regeneration (around neck)
 H - a +4 ring of protection (left branch)
Wands
 u - a wand of flame (37)
 w - a wand of digging (4)
 I - a wand of charming (17)
Scrolls
 c - a scroll of fear
 e - 4 scrolls of brand weapon
 f - a scroll of poison {unknown}
 i - 2 scrolls of immolation
 j - 2 scrolls of blinking
 k - a scroll of butterflies
 l - 4 scrolls of teleportation
 s - 4 scrolls of enchant armour
 t - a scroll of summoning
 v - a scroll of identify
 B - 2 scrolls of enchant weapon
 C - a scroll of silence
 D - 2 scrolls of amnesia
 J - 3 scrolls of torment
Potions
 h - a potion of flight {unknown}
 o - 2 potions of lignification
 q - a potion of attraction {unknown}
 r - 2 potions of curing {unknown}
 x - a potion of magic {unknown}
 z - a potion of haste {unknown}
 F - a potion of berserk rage {unknown}


   Skills:
 + Level 5.5 Fighting
 + Level 4.6 Axes
 + Level 5.0 Armour
 - Level 4.0 Dodging
 - Level 4.0 Shields
 + Level 4.1 Spellcasting
 + Level 4.4 Conjurations
 + Level 4.9 Necromancy
 + Level 2.8 Air Magic
 * Level 6.4 Poison Magic


You had 13 spell levels left.
You knew the following spells:

 Your Spells              Type           Power      Damage    Failure   Level
a - Olgreb's Toxic Radia  Pois           20%        N/A       17%         4

Your spell library contained the following spells:

 Spells                   Type           Power      Damage    Failure   Level
 Necrotise                Necr           64%        1d7       3%          1
 Sublimation of Blood     Necr           16%        N/A       4%          2
 Poisonous Vapours        Pois/Air       30%        N/A       5%          2
 Sting                    Tmut/Pois      44%        1d5       7%          1
 Static Discharge         Conj/Air       13%        3-5/arc   9%          2
 Vampiric Draining        Necr           16%        2d7       10%         3
 Gell's Gravitas          Tloc           2%         N/A       58%         3
 Lesser Beckoning         Tloc           2%         N/A       58%         3
 Teleport Other           Tloc           2%         N/A       58%         3
 Anguish                  Hex/Necr       4%         N/A       65%         4
 Hailstorm                Conj/Ice       9%         3d4       69%         4
 Lightning Bolt           Conj/Air       6%         1d18      83%         5
 Ice Form                 Ice/Tmut       2%         N/A       94%         4
 Simulacrum               Ice/Necr       4%         N/A       100%        6
 Enfeeble                 Hex            1%         N/A       100%        7
 Maxwell's Capacitive Co  Air            5%         ∞         100%        8


Dungeon Overview and Level Annotations

Branches:
Dungeon (8/15)             Temple (1/1) D:4            Lair (0/5) D:8

Altars:
Ashenzari
Dithmenos
Fedhas
Hepliaklqana
Kikubaaqudgha
Makhleb
Nemelex Xobeh
Okawaru
Qazlal
Ru
Sif Muna
Trog
Uskayaw
Vehumet
Wu Jian
Yredelemnul

Shops:
D:7 (


Innate Abilities, Weirdness & Mutations

You are a tree.
Your roots penetrate the ground, keeping you stationary.
You cannot be teleported.
You are immune to unholy pain and torment.
Your maximum health is greatly increased.
Your equipment is partially melded.
((You have very sharp fingernails.))
((You are mostly covered in molten scales. (AC +3)))
Your demonic aura often causes spilled blood to erupt in flames.
You sometimes gain power by taking damage.


Message History

Your +0 scale mail melds into your body.
You no longer feel ready to stride towards your foes.
Your roots penetrate the ground.
You block the fire dragon's attack.
The fire dragon claws you but does no damage.
You block the fire dragon's attack.
You closely miss the fire dragon.
The fire dragon is severely wounded.
The fire dragon bites you but does no damage.
The fire dragon claws you.
* * * LOW HITPOINT WARNING * * *
The fire dragon completely misses you.
You slash the fire dragon!
The fire dragon is almost dead.
You block the fire dragon's attack.
The fire dragon claws you but does no damage.
The fire dragon tramples you but does no damage.
You hit the fire dragon.
The fire dragon is almost dead.
The fire dragon is engulfed in blazing flames.
The fire dragon bites you but does no damage.
The fire dragon claws you but does no damage.
The fire dragon tramples you but does no damage.
The fire dragon is engulfed in blazing flames.
You block the fire dragon's attack. The fire dragon claws you!
* * * LOW HITPOINT WARNING * * *
You focus on the pain.
You feel more agile all of a sudden.
The fire dragon tramples you but does no damage.
You closely miss the fire dragon.
The fire dragon is almost dead.
The fire dragon barely misses you. You block the fire dragon's attack.
The fire dragon tramples you.
* * * LOW HITPOINT WARNING * * *
You slash the fire dragon!
The fire dragon is almost dead.
The fire dragon is engulfed in blazing flames.
The fire dragon breathes flames at you. The blast of flame hits you!!
You die...
Kikubaaqudgha rasps: "You have failed me!
Welcome... death!"

........ .... . ......##...
. ..............# # .
..............#.. # ..
.!.............. # ..#
#.............. #
...##.....#........ #.
....#....##.......# ..
......#...♣.......# .
#..>##.D......### ..# #
.##....#.†....### .....###
.............## .........
.≈≈..........## ##.... #...
§.§≈≈≈....#...##...... #...
§≈..≈≈≈...#....#.......#...
≈≈.>≈§....#................
≈≈≈[.≈≈...........##.......


You could see a fire dragon (catching breath).

Vanquished Creatures
  Erica (D:8)
  An ugly thing (D:6)
  A manticore (D:6)
  Edmund (D:5)
  A water moccasin (D:6)
  2 ice beasts
  3 sky beasts
  2 black bears
  4 ogres
  A centaur (D:8)
  3 bullfrogs
  A necrophage (D:7)
  A kobold brigand (D:6)
  A gnoll sergeant (D:7)
  4 scorpions
  3 howler monkeys
  3 orc priests
  9 hounds
  4 jellies
  4 iguanas
  7 orc wizards
  10 gnolls
  10 adders
  4 white imps
  3 ufetubi (D:6)
  2 worms
  3 dart slugs
  18 orcs
  8 endoplasms
  2 giant cockroaches
  2 goblins
  8 hobgoblins
  4 jackals (D:4)
  4 quokkas
  3 training dummies (D:7)
  9 ball pythons
  9 bats
  4 frilled lizards
  17 kobolds
  6 rats
183 creatures vanquished.

Vanquished Creatures (others)
  An orc wizard (D:5)
  A fungus (D:2)
  4 plants (D:5)
6 creatures vanquished.

Grand Total: 189 creatures vanquished

Notes
Turn   | Place    | Note
-------+----------+-------------------------------------------
     0 | D:1      | vvl the Demonspawn Fighter began the quest for the Orb.
     0 | D:1      | Reached XP level 1. HP: 18/18 MP: 1/1
   198 | D:1      | Found a faded altar of an unknown god.
   330 | D:1      | Gained mutation: You are partially covered in molten
                  | scales. (AC +2) [demonic ancestry]
   330 | D:1      | Reached XP level 2. HP: 21/24 MP: 2/2
  1111 | D:2      | Reached skill level 1 in Necromancy
  1111 | D:2      | Gained mutation: You sometimes gain a little power by
                  | taking damage. [demonic ancestry]
  1111 | D:2      | Reached XP level 3. HP: 28/29 MP: 3/3
  1120 | D:2      | Reached skill level 1 in Conjurations
  1120 | D:2      | Reached skill level 1 in Poison Magic
  1121 | D:2      | Gained mutation: Your demonic aura sometimes causes spilled
                  | blood to erupt in flames. [demonic ancestry]
  1121 | D:2      | Reached XP level 4. HP: 10/35 MP: 3/5
  1673 | D:2      | Identified the +1 leather armour "Porhogil" {rF+ rC+ Int-4}
  1909 | D:2      | Reached skill level 1 in Dodging
  2053 | D:3      | Found a shadowy altar of Dithmenos.
  2154 | D:3      | Reached skill level 1 in Spellcasting
  2442 | D:4      | Noticed a black bear
  2450 | D:4      | Gained mutation: You sometimes gain power by taking damage.
                  | [demonic ancestry]
  2450 | D:4      | Reached XP level 5. HP: 34/41 MP: 6/6
  2453 | D:4      | Killed a black bear
  2454 | D:4      | Reached skill level 2 in Poison Magic
  2589 | D:4      | Reached XP level 6. HP: 42/47 MP: 8/8
  3246 | D:4      | Found a staircase to the Ecumenical Temple.
  3256 | Temple   | Entered the Ecumenical Temple
  3366 | D:5      | Entered Level 5 of the Dungeon
  3485 | D:5      | Gained mutation: You are mostly covered in molten scales.
                  | (AC +3) [demonic ancestry]
  3485 | D:5      | Reached XP level 7. HP: 53/53 MP: 9/9
  3625 | D:5      | Reached skill level 3 in Poison Magic
  3636 | D:5      | Found an ancient bone altar of Kikubaaqudgha.
  3636 | D:5      | Found the +3 pair of seven-league boots {Rampage+∞}
  3664 | D:5      | Became a worshipper of Kikubaaqudgha
  3682 | D:5      | Found a bloodstained altar of Trog.
  3684 | D:5      | Found a stormy altar of Qazlal.
  3900 | D:5      | Noticed Edmund
  3910 | D:5      | Killed Edmund
  4213 | D:5      | Gained mutation: You have sharp fingernails. [demonic
                  | ancestry]
  4213 | D:5      | Reached XP level 8. HP: 60/60 MP: 11/11
  4239 | D:5      | Found a sparkling altar of Nemelex Xobeh.
  4353 | D:5      | Reached skill level 4 in Poison Magic
  4620 | D:6      | Noticed a brown ugly thing
  5175 | D:6      | Reached skill level 1 in Air Magic
  5198 | D:6      | Noticed a manticore
  5200 | D:6      | Gained mutation: You have very sharp fingernails. [demonic
                  | ancestry]
  5200 | D:6      | Reached XP level 9. HP: 56/66 MP: 13/13
  5204 | D:6      | Killed a manticore
  5205 | D:6      | Reached skill level 5 in Poison Magic
  5662 | D:6      | Killed a brown ugly thing
  5662 | D:6      | Reached * piety under Kikubaaqudgha
  5662 | D:6      | Received a gift from Kikubaaqudgha
  5663 | D:6      | Reached skill level 5 in Fighting
  5669 | D:6      | Learned a level 4 spell: Olgreb's Toxic Radiance
  6336 | D:7      | Reached skill level 6 in Poison Magic
  6387 | D:7      | Found Ycoir's Firing Range.
  6681 | D:8      | Identified the +2 halberd "Mibrur" {vorpal, rPois rCorr}
  6766 | D:8      | Noticed Erica
  6773 | D:8      | Killed Erica
  6774 | D:8      | Gained mutation: Your demonic aura often causes spilled
                  | blood to erupt in flames. [demonic ancestry]
  6774 | D:8      | Reached XP level 10. HP: 44/74 MP: 14/16
  6835 | D:8      | Reached ** piety under Kikubaaqudgha
  6848 | D:8      | Reached skill level 5 in Armour
  6876 | D:8      | Found a staircase to the Lair.
  6877 | D:8      | Noticed a fire dragon
  6907 | D:8      | HP: 3/111 [fire dragon (8)]
  6908 | D:8      | HP: 1/111 [fire dragon (3)]
  6909 | D:8      | Killed from afar by a fire dragon

Illustrated notes

Levels and vault maps discovered:
D:1:      zaba_arrival_water, layout_loops_ring,
          hellmonk_ecumenical_altar_blasted
D:2:      layout_loops_ring, dreamdust_mushroom_princess
D:3:      layout_rooms, mainiacjoe_overflow_cross_hatched, amethyst_killhole
D:4:      layout_basic, minmay_temple_entry_crystal_x, st_stairs_3
D:5:      layout_loops_ring, nemelex_diamond_rough_becter,
          chequers_temple_overflow_statue_of_worship,
          mainiacjoe_overflow_chevrons, minmay_circle_x, uniq_edmund
D:6:      cheibrodos_fzero, layout_layer_cave
D:7:      layout_rooms, nicolae_shop_firing_range
D:8:      layout_cave_pools, minmay_lair_entry_lava, serial_column_ruins,
          column_ruins_columns_straight, column_ruins_corridor_straight,
          column_ruins_open_tiny, column_ruins_corridor_dead_end, uniq_erica
Temple:   cyrus_circular_temple

Skill      XL: |  1  2  3  4  5  6  7  8  9 10 |
---------------+-------------------------------+-----
Axes           | 2 3 4 |  4.6
Necromancy     | 1 2 3 4 |  4.9
Conjurations   | 1 2 3 4 |  4.4
Poison Magic   | 1 2 3 4 6 |  6.4
Armour         | 3 4 5 |  5.0
Shields        | 3 4 |  4.0
Dodging        | 1 2 3 4 |  4.0
Spellcasting   | 1 2 3 4 |  4.1
Fighting       | 4 5 |  5.5
Air Magic      | 1 2 |  2.8

Action                   |  1- 3 |  4- 6 |  7- 9 | 10-12 || total
-------------------------+-------+-------+-------+-------++-------
Melee: War axe           |    91 |   190 |   287 |    57 ||   625
  Use: Scroll            |       |       |    14 |       ||    14
       Potion            |       |       |     1 |     4 ||     5
Armor: Scale mail        |    66 |   140 |   194 |    43 ||   443
       Skin              |       |       |       |     8 ||     8
Dodge: Dodged            |    45 |   105 |   144 |    53 ||   347
Block: Buckler           |    17 |    39 |   108 |    41 ||   205
